 Dungeon Crawl Stone Soup version 0.28-a0-1518-gbe868bca14 (webtiles) character file.

Game seed: 1525133727643475730

106000 Armakuni the Pacifist (level 16, -20/111 HPs)
             Began as a Human Ice Elementalist on Jan 15, 2022.
             Was an Elder of Elyvilon.
             Demolished by Donald (38 damage)
             ... on level 3 of the Spider Nest on Jan 16, 2022.
             The game lasted 02:20:48 (29720 turns).

Armakuni the Pacifist (Human Ice Elementalist)     Turns: 29720, Time: 02:20:49

Health: -20/111    AC: 25    Str: 20    XL:     16   Next: 97%
Magic:  24/30      EV: 13    Int: 34    God:    Elyvilon [****..]
Gold:   1109       SH:  5    Dex: 15    Spells: 16/35 levels left

rFire   + + .      SeeInvis .   a - +6 flail of Disarray {venom, Fragile rElec rF+ Int+4}
rCold   . . .      Faith    .   c - +0 buckler
rNeg    + . .      Spirit   .   X - +3 scale mail "Zautt" {rF+ rN+ Will+ Int+4}
rPois   +          Reflect  .   i - +2 helmet
rElec   +          Harm     .   S - +2 cloak "Vata" {Str+6 Int+3}
rCorr   .          Rampage  .   L - +1 pair of gloves {Stlth+}
Will    ++...                   (no boots)
Stlth   ++........              R - amulet of regeneration
HPRegen 1.08/turn               I - +6 ring of intelligence
MPRegen 0.22/turn               P - ring of poison resistance

@: ice-armoured
A: no striking features
a: Renounce Religion, Purification, Heal Other, Heal Self


You were on level 3 of the Spider Nest.
You worshipped Elyvilon.
Elyvilon was greatly pleased with you.
You visited 6 branches of the dungeon, and saw 28 of its levels.
You visited 2 bazaars.
You also visited: Gauntlet.

You collected 3687 gold pieces.
You spent 2578 gold pieces at shops.

Inventory:

Hand Weapons
 a - the +6 flail of Disarray (weapon) {venom, Fragile rElec rF+ Int+4}
   (You bought it in a shop in a bazaar)

   It poisons the flesh of those it strikes.
   Int:       It affects your intelligence (+4).
   rF:        It protects you from fire.
   rElec:     It insulates you from electricity.
   Fragile:   It will be destroyed if unequipped.
 h - a +2 eveningstar of venom
Missiles
 p - 3 curare-tipped darts (quivered)
Armour
 c - a +0 buckler (worn)
 i - a +2 helmet (worn)
 L - a +1 pair of gloves of stealth (worn)
 S - the +2 cloak "Vata" (worn) {Str+6 Int+3}
   (You acquired it on level 1 of the Orcish Mines)

   Str:       It affects your strength (+6).
   Int:       It affects your intelligence (+3).
 X - the +3 scale mail "Zautt" (worn) {rF+ rN+ Will+ Int+4}
   (You bought it in a shop on level 2 of the Orcish Mines)

   Int:       It affects your intelligence (+4).
   rF:        It protects you from fire.
   rN:        It protects you from negative energy.
   Will:      It increases your willpower.
Magical Staves
 Q - a staff of conjuration
Jewellery
 H - an amulet of reflection
 I - a +6 ring of intelligence (left hand)
 K - a ring of resist corrosion
 M - an amulet of magic regeneration
 P - a ring of poison resistance (right hand)
 R - an amulet of regeneration (around neck)
Wands
 k - a wand of digging (2)
 v - a wand of flame (33)
 O - a wand of iceblast (7)
Scrolls
 b - 4 scrolls of magic mapping
 e - a scroll of enchant weapon
 j - a scroll of noise
 o - a scroll of fog
 s - 6 scrolls of amnesia
 u - 4 scrolls of holy word
 x - 6 scrolls of teleportation
 A - 2 scrolls of blinking
 B - a scroll of fear
 J - 3 scrolls of immolation
 N - 3 scrolls of enchant armour
 U - a scroll of summoning
 Y - 3 scrolls of identify
Potions
 d - 2 potions of haste
 g - 6 potions of mutation
 l - a potion of resistance
 m - 2 potions of ambrosia
 n - 3 potions of heal wounds
 r - a potion of magic
 w - 8 potions of curing
 y - 5 potions of brilliance
 z - 2 potions of berserk rage
 C - 4 potions of lignification
 T - a potion of cancellation
Miscellaneous
 f - a box of beasts (inert)
 t - a tin of tremorstones (2/2)


   Skills:
 - Level 6.1 Fighting
 - Level 6.8(8.2) Maces & Flails
 - Level 6.9(8.2) Staves
 - Level 8.2 Armour
 - Level 7.3 Dodging
 - Level 2.0 Stealth
 + Level 4.0 Shields
 - Level 10.3 Spellcasting
 - Level 9.8 Conjurations
 - Level 5.0 Transmutations
 - Level 10.0 Ice Magic
 - Level 15.0 Invocations
 - Level 10.0 Evocations


You had 16 spell levels left.
You knew the following spells:

 Your Spells              Type           Power      Damage    Failure   Level
h - Hailstorm             Conj/Ice       71%        3d15      1%          4
i - Irradiate             Conj/Tmut      31%        3d23      11%         5
o - Ozocubu's Armour      Ice            71%        N/A       1%          3
r - Frozen Ramparts       Ice            100%       1d12      1%          3
s - Sticky Flame          Conj/Fire      50%        2d7       11%         4

Your spell library contained the following spells:

 Spells                   Type           Power      Damage    Failure   Level
 Freeze                   Ice            100%       1d11      1%          1
 Magic Dart               Conj           100%       1d8       1%          1
 Conjure Flame            Conj/Fire      50%        6-21      3%          3
 Mephitic Cloud           Conj/Pois/Air  39%        N/A       6%          3
 Animate Skeleton         Necr           34%        N/A       9%          1
 Pain                     Necr           68%        1d7       9%          1
 Slow                     Hex            68%        N/A       9%          1
 Call Imp                 Summ           17%        N/A       13%         2
 Corpse Rot               Necr/Air       34%        N/A       13%         2
 Poisonous Vapours        Pois/Air       34%        N/A       13%         2
 Sublimation of Blood     Necr           17%        N/A       13%         2
 Ignite Poison            Fire/Tmut/Pois 28%        N/A       13%         3
 Call Canine Familiar     Summ           17%        N/A       26%         3
 Confusing Touch          Hex            17%        N/A       26%         3
 Gell's Gravitas          Tloc           17%        N/A       26%         3
 Inner Flame              Hex/Fire       17%        N/A       26%         3
 Lesser Beckoning         Tloc           17%        N/A       26%         3
 Portal Projectile        Hex/Tloc       34%        N/A       26%         3
 Teleport Other           Tloc           17%        N/A       26%         3
 Vampiric Draining        Necr           17%        2d7       26%         3
 Petrify                  Tmut/Erth      34%        N/A       30%         4
 Metabolic Englaciation   Hex/Ice        25%        N/A       30%         5
 Cause Fear               Hex            8%         N/A       63%         4
 Leda's Liquefaction      Hex/Erth       8%         N/A       63%         4
 Yara's Violent Unravell  Hex/Tmut       17%        3d8       63%         5
 Simulacrum               Ice/Necr       25%        N/A       86%         6
 Enfeeble                 Hex            8%         N/A       100%        7
 Discord                  Hex            8%         N/A       100%        8


Dungeon Overview and Level Annotations

Branches:
Dungeon (15/15)            Temple (1/1) D:7            Lair (6/6) D:9
  Swamp (0/4) Lair:2       Spider (3/4) Lair:4        Slime (0/5) Lair:5
    Orc (2/2) D:9             Elf (0/3) Orc:2        Vaults (0/5) D:14
 Depths (1/4) D:15        Gauntlet (visited)

Altars:
Ashenzari
Cheibriados
Dithmenos
Elyvilon
Fedhas
Gozag
Hepliaklqana
Kikubaaqudgha
Makhleb
Nemelex Xobeh
Okawaru
Qazlal
Ru
Sif Muna
Trog
Uskayaw
Vehumet
Wu Jian
Xom
Yredelemnul
Zin
The Shining One
Jiyva
Lugonu

Shops:
D:4 *   Orc:2 [*![

Portals:
Abyss: Lair:6
Trove: D:15 (show abyssal rune of Zot)

Annotations:
D:6 1 runed translucent door, qborf's ghost, novice OgBe
D:14 exclusion: obsidian statue
Spider:1 Roxanne
Spider:3 Donald


Message History

The redback barely misses you.
The wall freezes the redback. x2
The wall freezes Donald.
Donald hits you but does no damage.
You sock the redback!
The redback is severely wounded.
The wall freezes the redback.
The redback barely misses you.
The wall freezes the redback. x2; The wall freezes Donald.
Donald misses you.
The wall freezes the redback. x2; The redback closely misses you.
You barely miss the redback.
The redback is severely wounded.
The wall freezes the redback. x2; The wall freezes Donald.
Donald casts a spell.
Donald seems to grow stronger.
The wall freezes the redback.
The redback barely misses you.
The wall freezes the redback. x2
The wall freezes Donald.
Donald completely misses you.
The wall freezes the redback.
You sock the redback!
You kill the redback!
The wall freezes the redback. x2; The wall freezes Donald.
Donald closely misses you.
You closely miss the redback.
The redback is severely wounded.
The frozen ramparts melt away.
The redback bites you. Donald hits you with a +0 eveningstar!!
You block the redback's attack. Donald hits you but does no damage.
Throw: 4 darts (curare)
Press: ? - help, Q - select action, (/) - cycle Shift-Dir - straight line, f - Donald
Aim: Donald, wielding a +0 eveningstar, wearing a +0 chain mail and wearing a +2 kite shield of reflection (moderately wounded, fast, strong, 72% to hit)
You throw a curare-tipped dart.
Donald reflects the curare-tipped dart off his +2 kite shield of reflection!
The curare-tipped dart hits you. The redback closely misses you.
Donald hits you with a +0 eveningstar!!!
The redback closely misses you.
As you read the scroll of fear, it crumbles to dust.
You assume a fearsome visage.
Donald resists with almost no effort.
The redback looks frightened! x3; Donald hits you with a +0 eveningstar!!
* * * LOW HITPOINT WARNING * * *
Donald says, "Maybe I'll visit Hell next."
Donald hits you with a +0 eveningstar!!!
You die...

#.##..
##.....
###.....
#......
.s...#
##....##
#.s...s#
#†@.#
#@###
###


You could see Donald (fast, strong) and 3 redbacks.

Vanquished Creatures
  Mlioglotl (Spider:2)
  Rupert (Lair:3)
  Frances (Spider:1)
  An orc warlord (Orc:1)
  A stone giant (D:15)
  A broodmother (Spider:2)
  The ghost of Som Pofo the Severer, a journeyman DDGl of Makhleb (Lair:4)
  Azrael (D:14)
  A minotaur (Gauntlet)
  Snorg (Lair:3)
  A fire dragon (D:14)
  4 vault guards (D:14)
  Erolcha (D:12)
  Harold (D:10)
  2 ogre magi
  5 hydras
  3 boulder beetles
  A hell beast (Gauntlet)
  7 centaur warriors
  4 two-headed ogres
  4 tengu warriors
  3 death yaks (Lair:5)
  Urug (D:12)
  The ghost of kae the Transmogrifier, a novice DrTm of Ru (D:9)
  2 thrashing horrors (Lair:6)
  4 orc high priests
  Sonja (Lair:4)
  2 pharaoh ants (Spider:2)
  4 skeletal warriors (D:14)
  3 large abominations (Lair:6)
  3 steelbarb worms
  Pikel (D:7)
  8 orc knights
  4 orc sorcerers (Orc:2)
  A salamander (shapeshifter) (D:15)
  2 deep elf pyromancers (D:14)
  5 cyclopes
  3 manticores
  12 ugly things
  4 wolf spiders
  2 black mambas (Lair:6)
  5 elephants (Lair:5)
  2 torpor snails
  Maggie (D:10)
  A smoke demon (Lair:6)
  12 cane toads
  A gargoyle (D:11)
  An unseen horror (D:11)
  2 kobold demonologists
  2 efreet
  4 komodo dragons
  A demonic crawler (Spider:2)
  A queen bee (D:9)
  2 ancient zymes (Lair:6)
  3 trolls
  A polar bear (Lair:6)
  A tyrant leech (Lair:2)
  4 hornets
  7 tarantellas
  14 blink frogs
  Prince Ribbit (D:7)
  6 slime creatures (D:14)
  10 dream sheep (Lair:6)
  6 jumping spiders
  4 culicivoras
  34 yaks
  3 ynoxinuls (Lair:6)
  A fire elemental (D:14)
  A spriggan (Lair:6)
  3 wyverns
  3 shadows
  2 wraiths
  9 basilisks
  Grum (D:11)
  4 vampire mosquitoes (D:15)
  26 redbacks
  2 chaos spawn (Lair:6)
  A steam dragon (Lair:4)
  4 wargs
  A swamp worm (Lair:2)
  2 acid dragons
  13 water moccasins
  3 hell hounds (D:14)
  26 orc warriors
  An ice beast (D:6)
  A sky beast (D:6)
  7 ogres
  A necrophage (D:3)
  2 boggarts (D:13)
  11 centaurs
  32 wolves
  2 lemures (D:7)
  4 kobold brigands
  A gnoll sergeant (D:9)
  A scorpion (D:4)
  11 bullfrogs
  8 small abominations (Lair:6)
  A water moccasin skeleton (D:4)
  10 killer bees (D:9)
  12 wights
  11 howler monkeys
  A centaur zombie (D:10)
  4 hounds
  A jelly (D:4)
  13 orc priests
  2 centaur skeletons (D:5)
  A gnoll shaman (D:7)
  3 iguanas
  25 orc wizards
  2 hound skeletons
  A howler monkey zombie (D:8)
  26 gnolls
  9 adders
  2 shadow imps
  An ufetubus (D:6)
  An adder skeleton (D:4)
  2 worms (D:2)
  2 dart slugs (D:2)
  71 orcs
  9 ball pythons
  5 endoplasms
  5 giant cockroaches
  7 goblins
  12 hobgoblins
  25 kobolds
  7 quokkas
  4 bats
  2 frilled lizards
  4 rats
703 creatures vanquished.

Vanquished Creatures (collateral kills)
  An ice dragon (D:15)
  An ice statue (D:14)
  A centaur (D:14)
3 creatures vanquished.

Vanquished Creatures (others)
  An ogre (Orc:1)
  37 fungi
  35 plants
73 creatures vanquished.

Grand Total: 779 creatures vanquished

Notes
Turn   | Place    | Note
-------+----------+-------------------------------------------
     0 | D:1      | Armakuni the Human Ice Elementalist began the quest for the
                  | Orb.
     0 | D:1      | Reached XP level 1. HP: 13/13 MP: 3/3
   339 | D:1      | Reached XP level 2. HP: 19/19 MP: 3/5
   845 | D:1      | Reached XP level 3. HP: 24/24 MP: 6/6
  1036 | D:1      | Learned a level 3 spell: Frozen Ramparts
  1040 | D:1      | Learned a level 3 spell: Ozocubu's Armour
  1606 | D:2      | Reached XP level 4. HP: 18/30 MP: 1/8
  1840 | D:2      | Reached skill level 5 in Ice Magic
  2017 | D:2      | Reached XP level 5. HP: 35/35 MP: 7/10
  2562 | D:3      | Learned a level 4 spell: Hailstorm
  2999 | D:3      | Noticed a necrophage
  3013 | D:3      | Killed a necrophage
  3014 | D:3      | Reached XP level 6. HP: 36/41 MP: 5/12
  4038 | D:4      | Reached XP level 7. HP: 40/46 MP: 9/13
  4570 | D:4      | Found Bikosiel's CLEARANCE SALE!.
  4600 | D:4      | Bought a +3 ring mail of willpower for 26 gold pieces
  4738 | D:5      | Entered Level 5 of the Dungeon
  4830 | D:5      | Noticed a water moccasin
  4839 | D:5      | Killed a water moccasin
  4840 | D:5      | Reached XP level 8. HP: 52/52 MP: 8/14
  5966 | D:6      | Reached skill level 1 in Armour
  6275 | D:6      | Found a runed translucent door.
  6293 | D:6      | Noticed qborf's ghost (novice OgBe)
  6307 | D:6      | Reached skill level 10 in Ice Magic
  6336 | D:6      | Reached XP level 9. HP: 36/57 MP: 13/15
  6783 | D:7      | Found a staircase to the Ecumenical Temple.
  6793 | D:7      | Noticed Prince Ribbit
  6804 | D:7      | Killed Prince Ribbit
  6805 | D:7      | Reached skill level 5 in Spellcasting
  6832 | Temple   | Entered the Ecumenical Temple
  7292 | Temple   | Became a worshipper of Elyvilon the Healer
  7493 | D:7      | Noticed Pikel
  7501 | D:7      | Killed Pikel
  7502 | D:7      | Reached skill level 5 in Armour
  7997 | D:7      | Reached * piety under Elyvilon
  8460 | D:8      | Identified the +7 trident of Sabburah {pain, rElec Dex+2}
  8508 | D:8      | Reached XP level 10. HP: 56/63 MP: 16/20
  9253 | D:8      | Reached ** piety under Elyvilon
  9415 | D:9      | Found a transporter.
  9419 | D:9      | Found a transporter.
  9420 | D:9      | Noticed kae's ghost (novice DrTm)
  9610 | D:9      | Identified a scroll of acquirement
  9611 | D:9      | Acquired 1064 gold pieces
  9650 | D:9      | Found a staircase to the Orcish Mines.
  9789 | D:9      | Noticed a two-headed ogre
  9795 | D:9      | HP: 1/63 [two-headed ogre (11)]
  9797 | D:9      | Killed a two-headed ogre
 10163 | D:9      | Found a staircase to the Lair.
 10714 | D:10     | Entered Level 10 of the Dungeon
 10714 | D:10     | Noticed Maggie
 10720 | D:10     | Killed Maggie
 10833 | D:10     | Noticed Harold
 10850 | D:10     | Killed Harold
 10851 | D:10     | Reached XP level 11. HP: 57/68 MP: 18/23
 10936 | D:10     | Found an opulent altar of Gozag.
 10991 | D:10     | Identified the +0 short sword of the Saviour {venom, rPois
                  | Dex+5 Stlth-}
 11007 | D:10     | Reached skill level 5 in Conjurations
 11877 | D:10     | Reached *** piety under Elyvilon
 11976 | D:11     | Noticed a cyclops
 11987 | D:11     | Killed a cyclops
 12130 | D:11     | Learned a level 5 spell: Irradiate
 12255 | D:10     | Reached skill level 1 in Invocations
 12415 | D:11     | Reached skill level 2 in Invocations
 12630 | D:11     | Reached skill level 3 in Invocations
 12696 | D:11     | Found a gateway to a bazaar.
 12706 | Bazaar   | Entered a bazaar
 12719 | Bazaar   | Found Pupap's Antique Weapon Emporium.
 12731 | Bazaar   | Found Eschieps's Antique Weapon Shoppe.
 12746 | Bazaar   | Found Toraf's Antique Armour Shoppe.
 12758 | Bazaar   | Found Nubrics's Antique Armour Emporium.
 12781 | Bazaar   | Bought a twisted cloak for 342 gold pieces
 12781 | Bazaar   | Identified the +1 cloak "Xeluco Gaog" {+Inv rPois} (You
                  | bought it in a shop in a bazaar)
 12804 | Bazaar   | Bought a pair of glowing gloves for 217 gold pieces
 12840 | Bazaar   | Bought a smoking flail for 195 gold pieces
 12840 | Bazaar   | Identified the +6 flail of Disarray {venom, Fragile rElec
                  | rF+ Int+4} (You bought it in a shop in a bazaar)
 12959 | D:11     | Reached skill level 1 in Shields
 13070 | D:11     | Noticed Grum
 13082 | D:11     | Killed Grum
 13083 | D:11     | Reached skill level 4 in Invocations
 13374 | D:12     | Noticed a cyclops
 13381 | D:12     | Killed a cyclops
 13510 | D:12     | Noticed Urug
 13532 | D:12     | Killed Urug
 13624 | D:12     | Noticed Erolcha
 13631 | D:12     | Killed Erolcha
 13632 | D:12     | Reached skill level 5 in Invocations
 13632 | D:12     | Reached XP level 12. HP: 69/74 MP: 21/24
 13960 | D:12     | Identified the +3 quarterstaff of Abuse {drain, rF++}
 14017 | D:12     | Noticed a two-headed ogre
 14027 | D:12     | Killed a two-headed ogre
 14028 | D:12     | Reached skill level 6 in Invocations
 14259 | D:13     | Found a flickering gateway to a bazaar.
 14268 | Bazaar   | Entered a bazaar
 14271 | Bazaar   | Found Ogro's Assorted Antiques.
 14303 | Bazaar   | Reached **** piety under Elyvilon
 14303 | Bazaar   | Found Alalamis's General Store.
 14330 | Bazaar   | Found Tazamust's Armour Shop.
 14330 | Bazaar   | Found Gitiag's Distillery.
 14366 | Bazaar   | Bought a potion of curing for 51 gold pieces
 14380 | Bazaar   | Bought a scroll of identify for 42 gold pieces
 14380 | Bazaar   | Bought a scroll of identify for 42 gold pieces
 14398 | Bazaar   | Bought 2 potions of heal wounds for 90 gold pieces
 14412 | Bazaar   | Bought a potion of berserk rage for 45 gold pieces
 14412 | Bazaar   | Bought a potion of brilliance for 36 gold pieces
 14416 | Bazaar   | Bought a potion of curing for 27 gold pieces
 14430 | Bazaar   | Bought a coppery potion for 18 gold pieces
 14430 | Bazaar   | Bought a warped rapier for 189 gold pieces
 14430 | Bazaar   | Identified the +7 rapier of Conformity {drain, Fragile
                  | rPois rF++ Str+2} (You bought it in a shop in a bazaar)
 14485 | D:13     | Reached skill level 7 in Invocations
 14508 | D:13     | Noticed an orc high priest
 14519 | D:13     | Killed an orc high priest
 14520 | D:13     | Reached skill level 8 in Invocations
 14521 | D:13     | Noticed a four-headed hydra
 14524 | D:13     | Noticed a centaur warrior
 14527 | D:13     | Noticed a tengu warrior
 14529 | D:13     | Noticed a five-headed hydra
 14657 | D:13     | Noticed a tengu warrior
 14657 | D:13     | Noticed a tengu warrior
 14668 | D:13     | Killed a tengu warrior
 14668 | D:13     | Killed a tengu warrior
 14669 | D:13     | Reached skill level 9 in Invocations
 14734 | D:13     | Noticed a four-headed hydra
 14740 | D:13     | Killed a four-headed hydra
 14741 | D:13     | Reached skill level 10 in Invocations
 14785 | D:13     | Reached skill level 1 in Evocations
 14789 | D:13     | Reached skill level 1 in Transmutations
 15350 | D:14     | Noticed Azrael
 15450 | Lair:1   | Entered Level 1 of the Lair of Beasts
 15527 | Lair:1   | Reached ***** piety under Elyvilon
 15534 | Lair:1   | Noticed a six-headed hydra
 15549 | Lair:1   | Killed a six-headed hydra
 15610 | Lair:1   | You fall into a shaft and drop 1 floor!
 15790 | Lair:2   | Found a staircase to the Swamp.
 15801 | Lair:2   | Reached XP level 13. HP: 65/79 MP: 19/25
 16243 | Lair:3   | Noticed Snorg
 16271 | Lair:3   | Killed Snorg
 16320 | Lair:3   | Noticed Rupert
 16330 | Lair:3   | Killed Rupert
 16331 | Lair:3   | Reached skill level 5 in Transmutations
 16331 | Lair:3   | Reached skill level 5 in Evocations
 16342 | Lair:3   | Found a gate leading to a gauntlet.
 16350 | Gauntlet | Entered a Gauntlet
 16350 | Gauntlet | Found a transporter.
 16363 | Gauntlet | Found a transporter.
 16374 | Gauntlet | Found a transporter.
 16379 | Gauntlet | Found a transporter.
 16389 | Gauntlet | Noticed a great orb of eyes
 16394 | Gauntlet | Found a transporter.
 16413 | Gauntlet | Found a transporter.
 16425 | Gauntlet | Found a transporter.
 16425 | Gauntlet | Noticed a hell beast
 16433 | Gauntlet | Noticed an entropy weaver
 16434 | Gauntlet | Found a transporter.
 16449 | Gauntlet | Found a transporter.
 16461 | Gauntlet | Found a transporter.
 16462 | Gauntlet | Noticed a green death
 16478 | Gauntlet | Found a transporter.
 16478 | Gauntlet | Found a transporter.
 16500 | Gauntlet | Found a transporter.
 16500 | Gauntlet | Found a transporter.
 16522 | Gauntlet | Found a transporter.
 16619 | Gauntlet | Found a transporter.
 16621 | Gauntlet | Found a runed translucent gate.
 16621 | Gauntlet | Found a runed translucent gate.
 16621 | Gauntlet | Found a runed translucent gate.
 16624 | Gauntlet | Found a large runed translucent door.
 16624 | Gauntlet | Found a large runed translucent door.
 16624 | Gauntlet | Found a large runed translucent door.
 16624 | Gauntlet | Found a large runed translucent door.
 16627 | Gauntlet | Found a large runed translucent door.
 16627 | Gauntlet | Found a large runed translucent door.
 16628 | Gauntlet | Found a large runed translucent door.
 16628 | Gauntlet | Found a large runed translucent door.
 16631 | Gauntlet | Found a large runed translucent door.
 16631 | Gauntlet | Found a large runed translucent door.
 16631 | Gauntlet | Found a runed translucent door.
 16631 | Gauntlet | Found a runed translucent door.
 16632 | Gauntlet | Found a large runed translucent door.
 16633 | Gauntlet | Found a large runed translucent door.
 16642 | Gauntlet | Found a large runed translucent door.
 16642 | Gauntlet | Found a large runed translucent door.
 16643 | Gauntlet | Found a large runed translucent door.
 16644 | Gauntlet | Found a large runed translucent door.
 16644 | Gauntlet | Found a transporter.
 16676 | Gauntlet | Found a transporter.
 16694 | Gauntlet | Reached skill level 1 in Fighting
 16815 | Gauntlet | Identified the +2 pair of boots "Jetruan" {Harm rC+}
 16827 | Gauntlet | Killed a hell beast
 16859 | Gauntlet | Noticed a minotaur
 16867 | Gauntlet | Killed a minotaur
 16945 | Lair:3   | Reached skill level 5 in Fighting
 17512 | Lair:4   | Noticed Sonja
 17515 | Lair:4   | Killed Sonja
 17593 | Lair:4   | Noticed a boulder beetle
 17594 | Lair:4   | Found a hole to the Spider Nest.
 17608 | Lair:4   | Killed a boulder beetle
 17704 | Lair:4   | Learned a level 4 spell: Sticky Flame
 17787 | Lair:4   | Found a runed translucent door.
 17788 | Lair:4   | Noticed a boulder beetle
 17788 | Lair:4   | Noticed Som Pofo's ghost (journeyman DDGl)
 17833 | Lair:4   | Noticed an eight-headed hydra
 17846 | Lair:4   | Killed an eight-headed hydra
 17847 | Lair:4   | Reached skill level 1 in Maces & Flails
 17847 | Lair:4   | Reached skill level 1 in Staves
 18464 | Lair:4   | Killed Som Pofo's ghost
 18503 | Lair:4   | Killed a boulder beetle
 18732 | Lair:5   | Reached XP level 14. HP: 100/100 MP: 26/26
 19317 | Lair:5   | Found a viscous altar of Jiyva.
 19317 | Lair:5   | Found a staircase to the Slime Pits.
 19553 | Lair:6   | Entered Level 6 of the Lair of Beasts
 19609 | Lair:6   | Reached skill level 5 in Dodging
 20114 | Lair:6   | Reached skill level 5 in Staves
 20124 | Lair:6   | Reached skill level 5 in Maces & Flails
 20425 | Lair:6   | Upgraded the game from 0.28-a0-1510-gd0f6b136d3 to
                  | 0.28-a0-1518-gbe868bca14
 20769 | Lair:6   | Found a corrupted altar of Lugonu.
 20769 | Lair:6   | Found a one-way gate to the infinite horrors of the Abyss.
 20892 | Lair:6   | Identified the +0 cloak of the Archfiend {rN+ Dex+2}
 20911 | Lair:6   | Identified the +0 leather armour "Dafaj" {Int+4}
 21064 | Lair:6   | Reached XP level 15. HP: 90/105 MP: 27/27
 21704 | Orc:1    | Entered Level 1 of the Orcish Mines
 21869 | Orc:2    | Entered Level 2 of the Orcish Mines
 21896 | Orc:1    | Acquired the +2 cloak "Vata" {Str+6 Int+3}
 21983 | Orc:2    | Found a staircase to the Elven Halls.
 22111 | Orc:1    | Noticed an orc warlord
 22132 | Orc:1    | Killed an orc warlord
 22852 | Orc:2    | Reached skill level 10 in Evocations
 23013 | Orc:2    | Paralysed by an orc sorcerer for 4 turns
 23043 | Orc:2    | Reached skill level 11 in Invocations
 23160 | Orc:2    | Found Dottymm's Antique Armour Shoppe.
 23160 | Orc:2    | Found Zopsoin's Distillery.
 23172 | Orc:2    | Found Egi Ithy's Assorted Antiques.
 23172 | Orc:2    | Found Koxzerghy's Antique Armour Shop.
 23189 | Orc:2    | Bought a brightly glowing scale mail for 306 gold pieces
 23189 | Orc:2    | Identified the +0 scale mail of Watchfulness {-Tele rC++}
                  | (You bought it in a shop on level 2 of the Orcish Mines)
 23189 | Orc:2    | Bought a slimy cloak for 323 gold pieces
 23189 | Orc:2    | Identified the +1 cloak of Negation {rF+} (You bought it in
                  | a shop on level 2 of the Orcish Mines)
 23189 | Orc:2    | Bought a scorched scale mail for 306 gold pieces
 23189 | Orc:2    | Identified the +3 scale mail "Zautt" {rF+ rN+ Will+ Int+4}
                  | (You bought it in a shop on level 2 of the Orcish Mines)
 23189 | Orc:2    | Bought a pitted buckler for 323 gold pieces
 23189 | Orc:2    | Identified the +0 buckler "Giuchih" {rF++ rC+ Str+2 Dex-5}
                  | (You bought it in a shop on level 2 of the Orcish Mines)
 23506 | D:9      | Killed kae's ghost
 23708 | D:14     | Killed Azrael
 23870 | D:14     | Found a shimmering blue altar of Sif Muna.
 23885 | D:14     | Reached skill level 12 in Invocations
 24367 | D:14     | Found a gate to the Vaults.
 24374 | D:14     | Reached skill level 13 in Invocations
 24374 | D:14     | Reached XP level 16. HP: 65/111 MP: 17/28
 24862 | D:14     | Reached skill level 14 in Invocations
 25480 | D:15     | Entered Level 15 of the Dungeon
 25659 | D:15     | Found a portal to a secret trove of treasure.
 25980 | D:15     | Noticed Nessos
 25982 | D:15     | Noticed Nessos
 25982 | D:15     | Nessos changed into Nessos the komodo dragon
 25987 | D:15     | Killed Nessos the komodo dragon
 26134 | D:15     | Reached skill level 15 in Invocations
 26269 | D:15     | Found a white marble altar of Elyvilon.
 26400 | D:15     | Found a staircase to the Depths.
 26825 | Depths:1 | Entered Level 1 of the Depths
 27118 | Spider:1 | Entered Level 1 of the Spider Nest
 27457 | Spider:1 | Noticed Frances
 27464 | Spider:1 | Killed Frances
 27609 | Spider:1 | Identified Roxanne's Catalogue of Moulding
 27609 | Spider:1 | Noticed Roxanne
 28681 | Spider:2 | Reached skill level 10 in Spellcasting
 28917 | Spider:2 | Noticed Mlioglotl
 29021 | Spider:2 | Noticed a tentacled starspawn
 29028 | Spider:2 | Noticed a tentacled starspawn
 29051 | Spider:2 | Killed Mlioglotl
 29707 | Spider:3 | Noticed Donald
 29720 | Spider:3 | Demolished by Donald

Illustrated notes

Levels and vault maps discovered:
D:1:      minmay_arrival_diagonal_passages, layout_basic, st_stairs_5,
          minmay_pentomino_o2
D:2:      minmay_chambers_of_ones, layout_rooms
D:3:      layout_basic
D:4:      layout_cave_pools, nicolae_shop_clearance
D:5:      kennysheep_spiral_hall, layout_basic, gup_sewer_entry_bowl,
          grunt_decor_mini_mirrors, chequers_serial_rivers_micro_a
D:6:      layout_rooms, ebering_ghost_sewer_d
D:7:      wander_river, layout_basic, minmay_temple_entry_sparse_star,
          minivault_10, uniq_pikel, uniq_prince_ribbit1
D:8:      layout_loops_ring, minmay_checkerbox
D:9:      layout_loops_ring, lair_entry_dummy, orc_0_dummy, gammafunk_ghost_hive
D:10:     layout_roguey, overflow_temple_1_default, uniq_harold, uniq_maggie
D:11:     layout_cave_pools, serial_shops, bzr_entry_customers,
          nicolae_two_hexagons, uniq_grum
D:12:     layout_roguey, uniq_urug, uniq_erolcha
D:13:     layout_irregular_city, serial_shops, bzr_in_the_mist, minmay_orc_keep
D:14:     minmay_separated_statues, layout_rooms,
          lightli_vaults_fourway_checkpoint,
          nicolae_concentric_dashed_squares_wild, nicolae_sif_muna_condensation,
          uniq_azrael
D:15:     grunt_enter_depths_snipers, layout_stronghold, trove_entry_hex_spiral,
          elyvilon_altar_1, uniq_nessos
Temple:   mainiacjoe_temple_starburst
Lair:1:   layout_cave_shapes, serial_bayou_pond_e,
          chequers_serial_rivers_micro_e
Lair:2:   hellmonk_destroyed_diamonds, layout_loops_ring,
          minmay_swamp_entry_worms
Lair:3:   layout_misc_corridors, gauntlet_entry_generic, beast_lair_carwin_2,
          grunt_megastairs_2, uniq_rupert, uniq_snorg
Lair:4:   layout_cave_pods, dummy_spider_entry, ebering_ghost_inner_flame,
          chequers_serial_rivers_small_b, uniq_sonja
Lair:5:   layout_loops_ring, dpeg_slime_entry_enclosed_altar,
          serial_bayou_shore_b, grunt_megastairs_3
Lair:6:   hellmonk_lair_end_abyssal_woods, layout_regular_city,
          serial_bayou_shore_a, grunt_megastairs_5
Spider:1: layout_chambers, hangedman_spider_tarantella_strand, uniq_roxanne,
          uniq_frances
Spider:2: layout_cave_pods, uniq_mlioglotl
Spider:3: layout_spider_delve, uniq_aizul, uniq_donald
Orc:1:    layout_caves
Orc:2:    grunt_orc_tribal_feast, layout_diamond_mine
Depths:1: layout_gridville, enter_ziggurat_b, abyss_entry,
          hellmonk_ghost_big_iron, grunt_mini_vestibule,
          nicolae_twisting_strands, cheibriados_altar_1

Skill      XL: |  1  2  3  4  5  6  7  8  9 10 11 12 13 14 15 16 |
---------------+-------------------------------------------------+-----
Spellcasting   | 3 4 6 8 10 | 10.3
Ice Magic      | 5 6 8 10 | 10.0
Armour         | 2 5 8 |  8.2
Conjurations   | 3 7 9 |  9.8
Invocations    | 5 10 13 15 | 15.0
Shields        | 3 4 |  4.0
Evocations     | 3 7 9 10 | 10.0
Transmutations | 3 5 |  5.0
Fighting       | 6 |  6.1
Maces & Flails | 2 5 6 |  6.8
Staves         | 2 5 6 |  6.9
Dodging        | 3 6 7 |  7.3
Stealth        | |  2.0

Action                   |  1- 3 |  4- 6 |  7- 9 | 10-12 | 13-15 | 16-18 || total
-------------------------+-------+-------+-------+-------+-------+-------++-------
Melee: Hand axe          |    19 |    60 |       |       |       |       ||    79
       Club              |     1 |       |       |       |       |       ||     1
       Whip              |       |    49 |   169 |       |       |       ||   218
       Punch             |       |     1 |     3 |     1 |       |       ||     5
       Scimitar          |       |       |    21 |    85 |       |       ||   106
       Morningstar       |       |       |       |    22 |       |       ||    22
       Short sword       |       |       |       |    91 |       |       ||    91
       Flail             |       |       |       |    93 |   752 |   326 ||  1171
Throw: Throwing net      |       |       |       |     8 |     4 |       ||    12
       Dart              |       |       |       |     1 |     7 |     1 ||     9
 Cast: Freeze            |    34 |     1 |       |       |       |       ||    35
       Frozen Ramparts   |     2 |    15 |    38 |    49 |    79 |    45 ||   228
       Ozocubu's Armour  |     1 |     5 |    12 |    29 |    34 |    20 ||   101
       Hailstorm         |       |       |       |       |     7 |       ||     7
       Irradiate         |       |       |       |       |       |     1 ||     1
Invok: Heal Self         |       |       |       |    11 |    19 |    11 ||    41
       Purification      |       |       |       |       |     7 |     2 ||     9
       Heal Other        |       |       |       |       |     4 |     3 ||     7
       Divine Vigour     |       |       |       |       |       |     1 ||     1
Evoke: Wand              |       |       |     8 |    26 |    27 |     8 ||    69
       Tin of tremorston |       |       |       |     3 |     4 |     1 ||     8
       Box of beasts     |       |       |       |     1 |     3 |     2 ||     6
  Use: Scroll            |       |     6 |     7 |    15 |    15 |     4 ||    47
       Potion            |       |       |     1 |     5 |     2 |     2 ||    10
 Stab: Distracted        |     1 |       |       |       |     1 |       ||     2
       Sleeping          |     4 |     5 |     1 |     1 |       |     1 ||    12
       Held in net/web   |       |       |       |     1 |     1 |       ||     2
Armor: Robe              |    11 |    50 |    30 |       |       |       ||    91
       Ring mail         |       |       |    35 |     9 |       |       ||    44
       Scale mail        |       |       |       |   233 |   563 |   244 ||  1040
Dodge: Dodged            |    28 |    79 |    92 |   163 |   528 |   223 ||  1113
Block: Other             |       |     8 |    46 |    75 |       |       ||   129
       Reflection        |       |       |       |     2 |     5 |     2 ||     9
       Buckler           |       |       |       |     9 |   252 |    98 ||   359

Table legend: (Time is in decaauts)
 A = Elapsed time spent in this place.
 B = Non-inter-level travel time spent in this place.
 C = Inter-level travel time spent in this place.
 D = Time resting spent in this place.
 E = Time spent auto-exploring this place.
 F = Levels seen in this place.
 G = Mean time per level.
                   A        B        C        D        E       F      G
               +--------+--------+--------+--------+--------+-----+--------+
         Total |  30075 |  28420 |   1655 |   5244 |  15745 |  31 |  970.2 |
       Dungeon |  18479 |  17386 |   1093 |   3909 |   9433 |  15 | 1231.9 |
        Temple |    512 |    459 |     53 |    184 |    223 |   1 |  512.0 |
          Lair |   5818 |   5509 |    309 |    440 |   3224 |   6 |  969.7 |
   Spider Nest |   2588 |   2492 |     96 |    394 |   1592 |   3 |  862.7 |
  Orcish Mines |   1714 |   1612 |    102 |    183 |    818 |   2 |  857.0 |
        Depths |      1 |      1 |      0 |      0 |      0 |   1 |    1.0 |
        Bazaar |    350 |    350 |      0 |      0 |    155 |   2 |  175.0 |
      Gauntlet |    609 |    609 |      0 |    132 |    299 |   1 |  609.0 |
               +--------+--------+--------+--------+--------+-----+--------+

Top non-repeatable levels by time:
     D:9: 1894 daAuts
  Lair:6: 1825 daAuts
    D:14: 1802 daAuts
     D:1: 1683 daAuts
    D:15: 1463 daAuts
     D:3: 1377 daAuts
Spider:1: 1365 daAuts
    D:10: 1329 daAuts
   Orc:2: 1217 daAuts
Spider:2: 1210 daAuts
     D:8: 1167 daAuts
    D:11: 1137 daAuts
     D:5: 1101 daAuts
  Lair:4: 1053 daAuts
  Lair:5: 1052 daAuts
